 Dungeon Crawl Stone Soup version 0.22-a0-252-gcace5d2d35 (webtiles) character file.

21 Manul the Sneak (level 2, 0/15 HPs)
             Began as a Vine Stalker Assassin on Mar 2, 2018.
             Succumbed to an adder's poison
             ... on level 2 of the Dungeon.
             The game lasted 00:01:00 (1469 turns).

Manul the Sneak (Vine Stalker Assassin)             Turns: 1469, Time: 00:01:00

Health: 0/15       AC:  4    Str: 24    XL:     2   Next: 87%
Magic:  1/3        EV: 11    Int: 11    God:
Gold:   94         SH:  0    Dex: 15    Spells: 1/1 levels left

rFire    . . .     SeeInvis .   a - +2 dagger
rCold    . . .     Gourm    .   (no shield)
rNeg     . . .     Faith    .   n - +0 leather armour
rPois    .         Spirit   +   (no helmet)
rElec    .         Reflect  .   d - +0 cloak
rCorr    .         Harm     .   (no gloves)
MR       .....                  (no boots)
Stlth    +++.......             (no amulet)
HPRegen  0.05/turn              k - +5 ring of strength
MPRegen  0.08/turn              o - +6 ring of strength

@: lethally poisoned (0 -> -8), flying
A: fangs 2, magic shield, antimagic bite, no potion heal 3, rot immunity
a: no special abilities


You were on level 2 of the Dungeon.
You were not hungry.

You visited 1 branch of the dungeon, and saw 2 of its levels.

You collected 94 gold pieces.

Inventory:

Hand Weapons
 a - a +2 dagger (weapon)
 b - a +0 blowgun
Missiles
 e - 20 poisoned needles
 f - 2 curare-tipped needles
Armour
 c - a +0 robe
 d - a +0 cloak (worn)
 n - a +0 leather armour (worn)
Jewellery
 k - a +5 ring of strength (left hand)
 o - a +6 ring of strength (right hand)
Scrolls
 h - 2 scrolls of identify {unknown}
 l - a scroll of blinking {unknown}
Comestibles
 g - 4 rations
 j - 2 chunks of flesh


   Skills:
 + Level 1.8 Fighting
 + Level 2.0 Short Blades
 + Level 1.8 Throwing
 + Level 0.9 Dodging
 + Level 5.6 Stealth


You had one spell level left.
You didn't know any spells.

Dungeon Overview and Level Annotations

Branches:
Dungeon (2/15)

Altars:


Innate Abilities, Weirdness & Mutations

You have extremely sharp teeth.
When hurt, damage is shared between your health and your magic reserves.
Your bite disrupts and absorbs the magic of your enemies.
Potions cannot restore your health.
You are immune to rotting.


Message History

You are too injured to fight recklessly!
You hit the adder.
The adder is heavily wounded.
The adder bites you.
* * * LOW HITPOINT WARNING * * *
You hit the adder. You bite the adder. You drain its power.
You feel invigorated.
The adder is severely wounded.
The adder bites you.
* * * LOW HITPOINT WARNING * * *
You are lethally poisoned!
The adder poisons you!
It was a potion of heal wounds.
That seemed strangely inert.
* * * LOW HITPOINT WARNING * * *
You feel sick. The adder misses you.
It was a potion of flight.
You feel very buoyant.
You fly up into the air.
The adder barely misses you. The adder bites you but does no damage.
You die...

... ..# #.. #.## #.#
#.. #.# #.# #.
#######(###.# #.
<...........# #.#
..##.#.###.# #.# ##
##.#.# #.# ##.####.
#.@..# #.###...##.#
#.#†.###.....#...##
.......S.......#...##.#
.#..##.#####.#.##.####.
#.. .. #.#.##.# #. #.
... #.#.##.# ## # ....
..#.##.# .#...
###.##.##### #K#...
#........(


You could see an adder.

Vanquished Creatures
  An ooze (D:2)
  4 bats
  2 giant cockroaches
  3 goblins
  A hobgoblin (D:1)
  A ball python (D:1)
  2 frilled lizards (D:2)
  3 kobolds
  A rat (D:2)
18 creatures vanquished.

Notes
Turn   | Place    | Note
-------+----------+-------------------------------------------
     0 | D:1      | Manul the Vine Stalker Assassin began the quest for the Orb.
     0 | D:1      | Reached XP level 1. HP: 11/11 MP: 2/2
    83 | D:1      | Reached skill level 5 in Stealth
   908 | D:1      | Reached XP level 2. HP: 15/15 MP: 3/3
  1469 | D:2      | Succumbed to an adder's poison

Vault maps used:
D:1:      minmay_arrival_three_doors, kennysheep_decorative_pillar,
          minmay_ruptured
D:2:      old_standard_altar, first_ration, uniq_terence

Skill      XL: |  1  2 |
---------------+-------+-----
Stealth        | 5 |  5.6
Short Blades   | 2 |  2.0
Fighting       | |  1.8
Throwing       | |  1.8
Dodging        | |  0.9

Action                   || total
-------------------------++-------
Melee: Dagger            ||    46
       Bite              ||     9
  Use: Potion            ||     2
 Stab: Sleeping          ||     7
  Eat: Chunk             ||     2
Armor: Robe              ||     4
       Leather armour    ||    10
Dodge: Dodged            ||    20

Table legend:
 A = Spawn XP
 B = Non-spawn XP
 C = Spawn XP percentage of total XP
 D = Spawn monster count
 E = Non-spawn monster count
 F = Spawn count percentage of total count
 G = Total turns spent on level
                    A         B        C        D         E        F      G
               +---------+---------+-------+---------+---------+-------+---------
         Total |       0 |      31 |   0.0 |       0 |      18 |   0.0 |  1469
               +---------+---------+-------+---------+---------+-------+---------
           D:1 |       0 |      14 |   0.0 |       0 |       9 |   0.0 |  1268
           D:2 |       0 |      17 |   0.0 |       0 |       9 |   0.0 |   201
               +---------+---------+-------+---------+---------+-------+---------
